 Dungeon Crawl Stone Soup version 0.17-a0-1133-gfb1399f (webtiles) character file.

7613 onwiheg the Basher (level 10, -6/81 HPs)
             Began as a Demigod Fire Elementalist on May 25, 2015.
             Killed from afar by a deep elf mage (20 damage)
             ... with an orb of energy
             ... on level 10 of the Dungeon.
             The game lasted 00:44:20 (11072 turns).

onwiheg the Basher (Demigod Fire Elementalist)     Turns: 11072, Time: 00:44:20

Health: -6/81      AC:  3    Str: 13    XL:     10   Next: 66%
Magic:  7/24       EV: 12    Int: 25    God:
Gold:   639        SH:  0    Dex: 16    Spells: 3 memorised, 4 levels left

rFire  . . .     SeeInvis .     d - +2 whip (elec)
rCold  . . .     Clarity  .     a - +0 robe
rNeg   . . .     SustAt   +     (no shield)
rPois  .         Gourm    .     (no helmet)
rElec  .         Spirit   .     r - +0 cloak
rCorr  .         Warding  .     (no gloves)
rMut   +         Stasis   .     (no boots)
MR     +....                    u - amulet of resist mutation
Stlth  ++........               I - +2 ring of strength
                                h - ring of magical power

@: somewhat resistant to hostile enchantments, unstealthy
A: high mp 1, sustain attributes
a: no special abilities


You were on level 10 of the Dungeon.
You were not hungry.

You visited 1 branch of the dungeon, and saw 10 of its levels.

You collected 639 gold pieces.

Inventory:

Hand weapons
 d - a +2 whip of electrocution (weapon)
 t - a +0 blowgun
Missiles
 p - 40 poisoned needles
Armour
 a - a +0 robe (worn)
 r - a +0 cloak (worn)
 s - a fire dragon hide
 K - a +0 cloak
Jewellery
 h - a ring of magical power (left hand)
 u - an amulet of resist mutation (around neck)
 I - a +2 ring of strength (right hand)
 R - an uncursed ring of sustain attributes
Magical devices
 l - a wand of magic darts (6)
 y - a wand of polymorph (9)
 A - a wand of flame (34)
 B - a wand of paralysis (15)
 C - a wand of disintegration (6)
 N - a wand of lightning (0)
 U - a wand of polymorph (9)
 W - a wand of digging (18)
 Y - a wand of magic darts (17)
Scrolls
 f - 7 scrolls of remove curse {unknown}
 k - 4 scrolls of teleportation {unknown}
 n - 9 scrolls of identify {unknown}
 o - a scroll of magic mapping {unknown}
 D - a scroll of amnesia {unknown}
 H - a scroll of noise {unknown}
 L - a scroll of blinking {unknown}
 M - a scroll of immolation {unknown}
 V - a scroll of enchant armour {unknown}
 Z - a scroll of random uselessness {unknown}
Potions
 e - 2 potions of heal wounds {unknown}
 g - 2 potions of resistance {unknown}
 j - 3 potions of flight {unknown}
 m - 6 potions of curing
 q - 5 potions of haste {unknown}
 v - a potion of invisibility {unknown}
 w - a potion of ambrosia {unknown}
 x - a potion of berserk rage {unknown}
 F - a potion of cure mutation {unknown}
 G - a potion of agility {unknown}
 J - a potion of degeneration {unknown}
 S - a potion of poison {unknown}
 T - a potion of lignification {unknown}
 X - a potion of might {unknown}
Books
 b - a book of Flames

   Spells                             Type                      Level
   a - Flame Tongue                   Conjuration/Fire             1
   b - Throw Flame                    Conjuration/Fire             2
   c - Conjure Flame                  Conjuration/Fire             3
   d - Inner Flame                    Hexes/Fire                   3
   e - Sticky Flame                   Conjuration/Fire             4
   f - Fireball                       Conjuration/Fire             5
Comestibles
 c - 5 bread rations
 i - 8 meat rations
 z - 3 royal jellies
 E - 5 beef jerkies
 O - 8 slices of pizza
 P - 3 fruits
 Q - a chunk of flesh


   Skills:
 - Level 5.0 Fighting
 - Level 12.0 Maces & Flails
 - Level 1.7 Dodging
 - Level 1.7 Stealth
 - Level 1.7 Spellcasting
 + Level 5.7 Conjurations
 + Level 6.2 Fire Magic


You had 4 spell levels left.
You knew the following spells:

 Your Spells              Type           Power        Failure   Level  Hunger
a - Flame Tongue          Conj/Fire      ####.        1%          1    #......
b - Conjure Flame         Conj/Fire      ####....     3%          3    ###....
c - Sticky Flame          Conj/Fire      ####....     12%         4    #####..


Dungeon Overview and Level Annotations

Branches:
Dungeon (10/15)            Temple (0/1) D:4            Lair (0/8) D:9
    Orc: D:9-12

Shops:
D:10 (

Annotations:
D:1 lava block


Innate Abilities, Weirdness & Mutations

You have an increased reservoir of magic (+10% MP).
Your attributes are resistant to harm.


Message History

The deep elf mage is severely wounded.
Casting: Flame Tongue
Confirm with . or Enter, or press ? or * to list all spells.
Aiming: Flame Tongue
Press: ? - help, Shift-Dir - straight line, f/p - deep elf mage
Aim: a deep elf mage, wielding a rapier (severely wounded)
The flame tongue hits the deep elf mage.
The deep elf mage is severely wounded.
The deep elf mage gestures at you while chanting.
The orb of energy hits you!
* * * LOW HITPOINT WARNING * * *
Casting: Flame Tongue
Confirm with . or Enter, or press ? or * to list all spells.
Aiming: Flame Tongue
Press: ? - help, Shift-Dir - straight line, f/p - deep elf mage
Aim: a deep elf mage, wielding a rapier (severely wounded)
The flame tongue misses the deep elf mage.
The deep elf mage points at you and mumbles some strange words.
The orb of energy hits you!
You die...

#.# ##)# ...
#..# #.#
########'####
..#
........)...#
##
............#
............#
............#
............#
.....e.@....#
............#
............#
###'#########
#.


You could see a deep elf mage.

Vanquished Creatures
  The ghost of HEYYEYAAE the Nimble, an experienced OpFi of Gozag (D:8)
  A hill giant (D:10)
  A gargoyle (D:10)
  2 trolls
  Grinder (D:3)
  A two-headed ogre (D:9)
  A deep elf mage (D:10)
  A wraith (D:8)
  A wyvern (D:8)
  A shadow (D:8)
  A yak (D:8)
  A human (D:8)
  2 hungry ghosts
  A steam dragon (D:9)
  3 water moccasins
  4 ice beasts
  3 orc warriors
  A necrophage (D:8)
  A phantom (D:7)
  A sky beast (D:8)
  A black bear (D:8)
  5 ogres
  2 centaurs
  A crocodile (D:8)
  7 giant frogs
  A wyvern skeleton (D:8)
  3 scorpions
  6 crimson imps
  3 hounds
  A giant frog zombie (D:6)
  11 orc wizards
  2 jellies
  2 centaur zombies
  A quasit (D:7)
  Crazy Yiuf (D:3)
  A centaur skeleton (D:8)
  A giant frog skeleton (D:8)
  4 orc priests
  Natasha (thrice) (D:3)
  An iguana (D:9)
  7 worker ants
  3 sheep (D:8)
  2 hound zombies
  2 hound skeletons
  2 worker ant zombies
  6 adders
  5 gnolls
  A shadow imp (D:9)
  3 oozes
  An adder skeleton (D:4)
  4 worms (D:2)
  7 giant geckos
  28 orcs
  A ball python (D:5)
  8 bats
  3 bat skeletons
  A bat zombie (D:7)
  14 hobgoblins
  13 kobolds
  3 quokkas
  5 giant cockroaches
  5 giant newts
  16 goblins
  11 jackals
  10 rats
247 creatures vanquished.

Notes
Turn   | Place    | Note
--------------------------------------------------------------
     0 | D:1      | onwiheg the Demigod Fire Elementalist began the quest for the Orb.
     0 | D:1      | Reached XP level 1. HP: 14/14 MP: 5/5
    21 | D:1      | Reached skill level 1 in Conjurations
    58 | D:1      | Reached skill level 1 in Maces & Flails
    70 | D:1      | Reached XP level 2. HP: 20/20 MP: 7/7
   356 | D:1      | Reached XP level 3. HP: 9/26 MP: 6/8
  1257 | D:2      | Reached skill level 3 in Maces & Flails
  1685 | D:2      | Reached XP level 4. HP: 31/33 MP: 6/9
  2017 | D:3      | Noticed Grinder
  2031 | D:3      | Killed Grinder
  2031 | D:3      | Reached skill level 5 in Maces & Flails
  2031 | D:3      | Reached XP level 5. HP: 27/38 MP: 7/10
  2031 | D:3      | Reached XP level 6. HP: 31/45 MP: 7/11
  2297 | D:3      | Noticed Natasha
  2304 | D:3      | Killed Natasha
  2325 | D:3      | Noticed Crazy Yiuf
  2334 | D:3      | Killed Crazy Yiuf
  2660 | D:3      | Found a stormy altar of Qazlal.
  2782 | D:3      | Noticed Natasha
  2785 | D:3      | Killed Natasha
  2833 | D:3      | Noticed Natasha
  2838 | D:3      | Killed Natasha
  2892 | D:4      | Reached skill level 6 in Maces & Flails
  2919 | D:4      | Found a burning altar of Makhleb.
  2922 | D:4      | Found a glowing silver altar of Zin.
  2923 | D:4      | Noticed an angel
  2923 | D:4      | Noticed a green death
  3036 | D:4      | Found a staircase to the Ecumenical Temple.
  3291 | D:5      | Entered Level 5 of the Dungeon
  3456 | D:5      | Reached skill level 7 in Maces & Flails
  3456 | D:5      | Reached XP level 7. HP: 50/50 MP: 12/12
  3530 | D:5      | Found a blossoming altar of Fedhas.
  3535 | D:5      | Found a sacrificial altar of Ru.
  3538 | D:5      | Found a basalt altar of Yredelemnul.
  3857 | D:5      | Found an opulent altar of Gozag.
  4114 | D:6      | Reached skill level 8 in Maces & Flails
  4840 | D:6      | Found a shattered altar of Ashenzari.
  5341 | D:6      | Reached skill level 9 in Maces & Flails
  5341 | D:6      | Reached XP level 8. HP: 39/57 MP: 9/13
  5879 | D:7      | Found a glowing golden altar of the Shining One.
  6055 | D:7      | Reached skill level 10 in Maces & Flails
  6667 | D:7      | Reached skill level 11 in Maces & Flails
  6803 | D:7      | Reached XP level 9. HP: 58/62 MP: 14/14
  7404 | D:8      | Noticed HEYYEYAAE's ghost (experienced OpFi)
  7424 | D:8      | Killed HEYYEYAAE's ghost
  7424 | D:8      | Reached skill level 12 in Maces & Flails
  8742 | D:8      | Reached skill level 5 in Fire Magic
  8742 | D:8      | Reached XP level 10. HP: 32/69 MP: 15/15
  9504 | D:9      | Reached skill level 5 in Conjurations
  9823 | D:9      | Learned a level 3 spell: Conjure Flame
  9828 | D:9      | Learned a level 4 spell: Sticky Flame
  9928 | D:9      | Found a staircase to the Lair.
  9986 | D:9      | Found a blossoming altar of Fedhas.
 10031 | D:9      | Reached skill level 1 in Fighting
 10057 | D:9      | Found a snail-covered altar of Cheibriados.
 10338 | D:10     | Entered Level 10 of the Dungeon
 10362 | D:10     | Found Mycwezuf's Weapon Emporium.
 10362 | D:10     | Noticed a hill giant
 10413 | D:10     | Killed a hill giant
 10989 | D:10     | Reached skill level 5 in Fighting
 11072 | D:10     | Killed from afar by a deep elf mage

Vault maps used:
D:1:      erik_arrival_gehennom, minmay_misc_feat_rows
D:3:      nicolae_qazlal_general_emergency, uniq_crazy_yiuf_cottage,
          uniq_natasha, uniq_grinder
D:4:      grunt_temple_overflow_order_and_chaos_2, minmay_temple_entry_trees,
          first_bread
D:5:      nicolae_gozag_cash_rules_everything_around_me,
          grunt_temple_overflow_diamond, kennysheep_small_circle
D:6:      cheibrodos_ashenzari_chains
D:7:      basic_altar, kennysheep_generic_room_16
D:8:      wad_arrow_thing, grunt_livestock
D:9:      lair_0_dummy, basic_altar, fedhas_altar_2
D:10:     serial_shops, nicolae_shop_window_shopping, shop, shop,
          shop_fountains, kennysheep_mini

Action                   |  1- 3 |  4- 6 |  7- 9 | 10-12 || total
-------------------------+-------+-------+-------+-------++-------
Melee: Whip              |    92 |   115 |   451 |   134 ||   792
 Fire: Blowgun           |       |       |       |     5 ||     5
 Cast: Flame Tongue      |    19 |    22 |    78 |    54 ||   173
       Sticky Flame      |       |       |       |    10 ||    10
Evoke: Wand              |       |       |    17 |     1 ||    18
  Use: Potion            |       |       |     1 |       ||     1
 Stab: Sleeping          |     5 |     2 |     4 |     1 ||    12
       Distracted        |       |       |     1 |       ||     1
       Paralysed         |       |       |       |     4 ||     4
  Eat: Chunk             |     3 |     6 |    14 |    12 ||    35
       Bread ration      |       |       |     1 |       ||     1
